Map: Lerilak Crest

Players

Nerchio - Winner!

  • Race: Zerg Zerg
  • League: Master

Nedi

  • Race: Zerg Zerg
  • League: Grandmaster

VOD

https://www.youtube.com/watch?v=7guUG40UPHw

Description

Time

  • Played on: Jan. 9, 2016, 3:19 p.m.
  • Length: 15:28
Show
View Real Time Build Order
Export as new Build Order

Nerchio Zerg - Winner!

Build Orders: Pool First, Lurkers, Zergling Baneling 

Get SALT Encoding   

  12  0:01  Drone  
  13  0:12  Overlord  
  13  0:17  Drone  
  14  0:30  Drone x2  
  14  0:34  Drone  
  17  0:45  Spawning Pool  
  17  0:48  Drone  
  17  0:57  Extractor  
  16  1:11  Hatchery  
  15  1:14  Drone  
  15  1:18  Drone  
  17  1:28  Drone  
  18  1:33  Queen  
  18  1:37  Zergling x2  
  21  1:41  Drone  
  22  1:49  Overlord  
  22  1:56  Baneling Nest  
  21  2:02  Drone  
  22  2:11  Queen  
  22  2:13  Zergling x2  
  25  2:22  Zergling x2  
  26  2:23  Zergling x2  
  27  2:32  Zergling x2  
  27  2:37  Zergling x2  
  29  2:42  Baneling  
  29  2:43  Zergling x4  
  31  2:46  Queen  
  31  2:50  Zergling x2  
  34  2:53  Baneling x2  
  33  3:00  Zergling x2  
  33  3:01  Zergling x2  
  33  3:07  Drone x2  
  33  3:11  Drone  
  33  3:20  Metabolic Boost  
  33  3:22  Drone  
  33  3:25  Baneling x2  
  32  3:30  Baneling  
  32  3:32  Drone  
  33  3:37  Overlord  
  33  3:42  Drone  
  33  3:46  Overlord  
  34  3:49  Drone  
  34  3:54  Overlord  
  35  4:00  Zergling x4  
  37  4:06  Spine Crawler  
  36  4:12  Baneling x4  
  36  4:15  Drone x2  
  38  4:19  Drone  
  38  4:23  Drone  
  39  4:36  Drone  
  39  4:37  Drone x5  
  43  4:44  Drone, Extractor  
  43  4:45  Drone  
  44  4:47  Drone x2  
  44  4:49  Drone  
  44  4:51  Drone  
  48  4:53  Drone  
  49  5:08  Hatchery, Extractor  
  49  5:12  Roach Warren  
  46  5:14  Drone  
  46  5:15  Drone  
  46  5:17  Drone  
  46  5:18  Drone  
  46  5:20  Drone  
  51  5:24  Overlord  
  51  5:26  Overlord  
  51  5:29  Overlord  
  51  5:33  Extractor  
  50  5:35  Lair  
  50  5:40  Drone  
  51  5:43  Drone  
  51  5:44  Drone x2  
  53  5:51  Drone x4  
  53  5:52  Drone  
  53  5:53  Drone  
  53  5:56  Extractor  
  57  5:59  Queen  
  59  6:07  Drone x4  
  63  6:14  Roach  
  63  6:15  Roach x3  
  71  6:29  Queen  
  71  6:31  Drone x5  
  77  6:36  Hydralisk Den  
  77  6:38  Queen  
  77  6:39  Infestation Pit  
  77  6:43  Overlord  
  77  6:44  Overlord  
  77  6:51  Spore Crawler  
  77  6:53  Drone x2  
  77  6:54  Spore Crawler  
  77  6:57  Spore Crawler  
  77  6:58  Spore Crawler  
  75  7:01  Queen  
  75  7:06  Drone x3  
  80  7:10  Overlord  
  80  7:11  Overlord  
  80  7:20  Evolution Chamber  
  81  7:27  Spore Crawler  
  81  7:28  Drone x2  
  81  7:29  Drone x4  
  86  7:30  Spore Crawler, Drone  
  86  7:31  Drone  
  87  7:40  Overlord  
  87  7:42  Hive  
  85  7:44  Queen  
  85  7:45  Lurker Den, Extractor  
  85  7:46  Hydralisk, Extractor  
  85  7:49  Drone x2  
  85  7:50  Drone  
  91  7:51  Drone  
  91  7:54  Overlord  
  91  7:56  Overlord  
  91  7:58  Hydralisk  
  91  8:02  Hydralisk  
  91  8:03  Hydralisk  
  97  8:09  Hydralisk x3  
  101  8:13  Zerg Missile Weapons Level 1  
  101  8:19  Roach x4  
  109  8:22  Roach  
  113  8:27  Roach x3  
  113  8:29  Roach  
  113  8:31  Glial Reconstitution  
  113  8:32  Overlord  
  119  8:39  Overlord x2  
  119  8:40  Overlord  
  119  8:43  Zergling x2  
  122  8:48  Roach x4  
  122  8:55  Viper x2  
  134  9:02  Roach  
  136  9:03  Roach  
  136  9:06  Roach  
  136  9:08  Roach x2  
  136  9:09  Hatchery  
  143  9:11  Lurker  
  143  9:12  Lurker x2  
  143  9:15  Roach  
  148  9:19  Roach x3  
  153  9:25  Overlord x2  
  153  9:35  Hydralisk x4  
  153  9:54  Drone x2  
  153  9:56  Hydralisk x6  
  153  9:57  Hydralisk  
  169  10:03  Overlord x3  
  169  10:06  Extractor  
  169  10:07  Zerg Missile Weapons Level 2  
  168  10:14  Overlord  
  168  10:15  Overlord x2  
  168  10:28  Drone x7  
  169  10:32  Hydralisk x3  
  169  10:35  Evolution Chamber  
  178  10:39  Lurker x2  
  178  10:40  Lurker x4  
  178  10:42  Pneumatized Carapace  
  184  10:47  Overseer x3  
  184  11:05  Extractor  
  184  11:10  Drone x2  
  185  11:16  Zerg Ground Armor Level 1  
  185  11:40  Drone x2  
  185  11:41  Drone  
  188  11:49  Hatchery, Viper x2  
  193  11:56  Lurker x3  
  196  12:24  Zerg Missile Weapons Level 3  
  196  12:35  Hatchery  
  195  12:39  Spore Crawler  
  195  12:40  Spore Crawler x2  
  195  12:43  Spore Crawler  
  191  12:44  Spore Crawler  
  191  12:45  Spore Crawler, Hydralisk  
  191  12:46  Hydralisk x5  
  191  12:47  Spore Crawler x2  
  191  12:49  Spore Crawler  
  192  13:02  Lurker  
  189  13:23  Hydralisk  
  162  13:28  Roach x9  
  173  13:35  Roach  
  173  13:36  Roach x8  
  173  13:37  Drone x8  
  173  13:38  Drone x2  
  193  13:43  Drone x3  
  193  13:44  Roach x2  
  195  13:56  Spire  
  190  14:05  Lurker  
  190  14:06  Lurker x7  
  198  14:11  Hydralisk  
  200  14:17  Spore Crawler x2  
  200  14:18  Spore Crawler  
  192  14:32  Hydralisk x5  
  196  14:39  Hydralisk x3  
  196  14:45  Spine Crawler  
  198  14:48  Spine Crawler  
  198  14:50  Hydralisk x2  
  199  14:53  Spine Crawler  
Show
View Real Time Build Order
Export as new Build Order

Nedi Zerg 

Build Orders: Pool First, Lurkers 

Get SALT Encoding   

  12  0:01  Drone  
  13  0:08  Drone  
  14  0:22  Overlord  
  14  0:23  Extractor  
  14  0:24  Drone  
  14  0:40  Spawning Pool  
  13  0:44  Drone  
  13  0:47  Drone  
  15  0:51  Drone  
  15  0:56  Drone  
  17  1:26  Metabolic Boost  
  17  1:27  Zergling x2, Queen  
  17  1:28  Zergling x4  
  22  1:38  Overlord  
  22  1:46  Baneling Nest  
  21  1:49  Zergling x2  
  22  2:00  Zergling x2  
  23  2:11  Zergling x2  
  24  2:17  Hatchery  
  24  2:22  Zergling x2  
  24  2:33  Zergling x2  
  24  2:34  Zergling x2  
  24  2:36  Zergling x4  
  28  2:39  Baneling x2  
  28  2:44  Zergling x2  
  25  3:00  Zergling x2  
  25  3:09  Drone  
  25  3:10  Drone x3  
  25  3:11  Queen  
  28  3:21  Drone  
  27  3:30  Drone  
  27  3:32  Drone  
  27  3:34  Baneling x2  
  29  3:41  Zergling x2  
  30  3:42  Drone x3  
  30  3:44  Drone  
  34  3:51  Overlord  
  34  3:57  Drone  
  35  4:03  Baneling  
  35  4:05  Baneling  
  35  4:12  Drone x3  
  35  4:13  Drone x2  
  35  4:15  Drone  
  41  4:18  Drone  
  42  4:26  Lair  
  42  4:27  Overlord  
  42  4:29  Extractor x2  
  42  4:30  Extractor  
  39  4:34  Drone x2  
  39  4:35  Drone  
  39  4:38  Drone x2  
  42  4:46  Spine Crawler  
  42  4:52  Drone  
  42  4:53  Drone x3  
  42  4:54  Drone  
  42  4:57  Drone  
  42  4:58  Drone  
  48  5:02  Drone  
  48  5:03  Drone  
  48  5:07  Overlord  
  50  5:22  Zergling x2  
  50  5:23  Zergling x2  
  50  5:25  Spire  
  50  5:26  Zergling x6  
  53  5:30  Drone  
  53  5:33  Zergling x2  
  55  5:41  Drone  
  56  5:43  Hatchery  
  56  5:47  Drone x3  
  56  5:48  Zergling x2  
  59  5:57  Overlord  
  59  6:00  Overlord  
  59  6:05  Overlord  
  59  6:06  Overlord  
  58  6:34  Spine Crawler  
  58  6:36  Spine Crawler  
  58  6:37  Mutalisk x9  
  74  6:40  Mutalisk  
  76  6:47  Drone x3  
  76  6:49  Zergling x2  
  80  6:55  Queen  
  80  6:56  Mutalisk  
  80  7:01  Drone x2  
  86  7:03  Drone  
  86  7:05  Drone x2  
  89  7:14  Drone  
  89  7:15  Evolution Chamber  
  89  7:17  Hydralisk Den  
  89  7:19  Drone x2  
  89  7:21  Drone  
  89  7:22  Drone x2  
  93  7:29  Drone x4  
  97  7:31  Overlord  
  97  7:36  Overlord  
  95  7:45  Evolution Chamber, Zerg Melee Weapons Level 1  
  95  7:46  Lurker Den  
  95  7:47  Drone x3  
  97  7:51  Extractor  
  97  7:52  Extractor  
  97  7:57  Drone x3  
  97  7:58  Drone x3  
  101  8:00  Hydralisk  
  101  8:01  Hydralisk  
  105  8:08  Hydralisk  
  105  8:16  Hydralisk x3  
  109  8:21  Hydralisk x2  
  109  8:23  Overlord x2  
  113  8:33  Zerg Ground Armor Level 1  
  113  8:35  Infestation Pit  
  113  8:38  Hatchery  
  113  8:39  Hydralisk  
  113  8:40  Overlord x3  
  111  8:55  Overseer  
  111  9:13  Lurker x7  
  118  9:23  Lurker  
  118  9:25  Hydralisk x3  
  124  9:35  Hydralisk x3  
  122  9:46  Hive  
  122  9:47  Drone  
  122  9:48  Drone x14  
  137  9:57  Spore Crawler  
  137  9:58  Spore Crawler  
  137  9:59  Spine Crawler  
  134  10:01  Spine Crawler  
  133  10:07  Spore Crawler  
  133  10:08  Spore Crawler  
  127  10:14  Zerg Melee Weapons Level 2  
  127  10:21  Lurker  
  127  10:23  Zergling x2  
  127  10:24  Zergling x22  
  140  10:38  Zerg Ground Armor Level 2  
  140  10:41  Overlord x2  
  140  10:42  Overlord x3, Extractor x2  
  136  10:51  Spine Crawler  
  135  10:57  Spine Crawler  
  135  10:58  Spine Crawler  
  135  10:59  Spine Crawler, Adrenal Glands  
  135  11:00  Ultralisk Cavern  
  135  11:02  Overlord, Spine Crawler  
  130  11:06  Drone  
  130  11:07  Drone  
  132  11:23  Spine Crawler, Baneling  
  132  11:24  Baneling  
  128  11:40  Spine Crawler  
  127  11:48  Chitinous Plating  
  127  11:52  Ultralisk x5  
  127  11:53  Ultralisk  
  146  12:02  Ultralisk  
  146  12:03  Zergling x4  
  146  12:04  Zergling x16  
  161  12:14  Ultralisk  
  167  12:24  Baneling x7  
  167  12:26  Zergling x4  
  174  12:37  Ultralisk  
  174  12:42  Overseer  
  174  12:43  Overseer  
  171  13:26  Ultralisk x2  
  131  13:29  Ultralisk  
  131  13:33  Zergling x2  
  131  13:34  Zergling x4  
  96  13:45  Ultralisk  
  99  14:00  Hatchery  
  96  14:07  Overseer  
  96  14:16  Ultralisk  
  93  14:31  Ultralisk  
  93  14:35  Zergling x2  
Tags
 
Add a new tag
Caveats
  • Supply blocks, unpowered buildings, or Contaminate may cause inaccurate times.
  • Supply counts are checked every 10 seconds.